 Dungeon Crawl Stone Soup version 0.16.0-11-gd45b091 (console) character file.

245 gw the Vexing (level 6, -2/46 HPs)
             Began as a Human Arcane Marksman on Mar 17, 2015.
             Slain by an orc wizard
             ... wielding a +0 dagger
              (3 damage)
             ... on level 4 of the Dungeon.
             The game lasted 00:02:54 (3541 turns).

gw the Vexing (Human Arcane Marksman)               Turns: 3541, Time: 00:02:54

Health: -2/46      AC:  8    Str: 12    XL:     6   Next: 32%
Magic:  3/13       EV: 12    Int: 15    God:
Gold:   106        SH:  0    Dex: 12    Spells: 2 memorised, 6 levels left

rFire  . . .     SeeInvis .     b - +0 short sword
rCold  . . .     Clarity  .     p - +0 leather armour
rNeg   . . .     SustAb   .     (no shield)
rPois  .         Gourm    .     (no helmet)
rElec  .         Spirit   .     (no cloak)
rCorr  .         Warding  .     n - +0 pair of gloves
rMut   .         Stasis   .     e - +0 pair of boots
MR     .....                    (no amulet)
Stlth  +.........               (no ring)
                                o - +3 ring of protection (curse)

@: lethally poisoned (-2 -> -3), very slightly contaminated, not resistant to
hostile enchantments, very unstealthy
A: no striking features
a: no special abilities


You were on level 4 of the Dungeon.
You were not hungry.

You visited 1 branch of the dungeon, and saw 4 of its levels.

You collected 106 gold pieces.

Inventory:

Hand weapons
 b - a +0 short sword (weapon)
 g - a +0 hand crossbow
Missiles
 c - 42 bolts
Armour
 e - a +0 pair of boots (worn)
 n - a +0 pair of gloves (worn)
 p - a +0 leather armour (worn)
Jewellery
 o - a cursed +3 ring of protection (left hand)
Scrolls
 h - 7 scrolls of identify
 i - 2 scrolls of recharging
 l - a scroll of noise {unknown}
Books
 d - a book of Debilitation

   Spells                             Type                      Level
   a - Corona                         Hexes                        1
   b - Slow                           Hexes                        2
   c - Inner Flame                    Hexes/Fire                   3
   d - Enslavement                    Hexes                        4
   e - Cause Fear                     Hexes                        4
   f - Leda's Liquefaction            Hexes/Earth                  4
Comestibles
 a - a beef jerky
 f - 4 bread rations
 j - a meat ration


   Skills:
 + Level 2.4 Fighting
 + Level 3.1 Crossbows
 + Level 2.0 Armour
 - Level 2.0 Dodging
 * Level 3.1 Spellcasting
 + Level 3.7 Hexes


You had 6 spell levels left.
You knew the following spells:

 Your Spells              Type           Power        Failure   Level  Hunger
a - Corona                Hex            ##.....      6%          1    #......
b - Enslavement           Hex            ##......     56%         4    #####..


Dungeon Overview and Level Annotations

Branches:
Dungeon (4/15)
 Temple: D:4-7

Altars:
Dithmenos


Message History

The orc wizard is heavily wounded.
The orc wizard hits you with a dagger.
Unknown command.
Unknown command.
Unknown command.
Unknown command.
ATTACK MOVE TO (1,0)
You hit the orc wizard but do no damage.
The orc wizard is heavily wounded.
You feel sick. The orc wizard hits you with a dagger.
The orc wizard hits you but does no damage.
Unknown command.
Unknown command.
Unknown command.
Unknown command.
ATTACK MOVE TO (1,0)
You hit the orc wizard.
The orc wizard is almost dead.
The orc wizard hits you with a dagger.
You die...

......##.##.# #####.......#
# ###...### ## #...# .#
#...# # .# #...# ###.#
.######...###### ...
......>........####)##.###.
................poK........
...............#####.#####.
.####.#....##### .# .#
#.#....# # .# #.#....# ##
#.#....# #.#....# #......#
###


You could see an orc wizard (invisible) and a kobold.

Table legend:
 A = Turns spent in this place as a percentage of turns spent in the entire game.
 B = Non-inter-level travel turns spent in this place as a percentage of non-inter-level travel turns spent in the entire game.
 C = Inter-level travel turns spent in this place as a percentage of turns spent in this place.
 D = Turns resting spent in this place as a percentage of non-inter-level travel turns spent in this place.
 E = Turns spent auto-exploring this place as a percentage of non-inter-level travel turns spent in this place.
 F = Non-inter-level travel turns spent in this place divided by the number of levels of this place that you've seen.
                   A       B       C       D       E      F
               +-------+-------+-------+-------+-------+----------------------
         Total | 100.0 | 100.0 |   0.4 |   2.5 |   2.3 | 1296.0
       Dungeon | 100.0 | 100.0 |   0.4 |   2.5 |   2.3 | 1296.0
               +-------+-------+-------+-------+-------+----------------------

Table legend:
 A = Kills in this place as a percentage of kills in entire the game.
 B = Kills by you in this place as a percentage of kills by you in the entire game.
 C = Kills by friends in this place as a percentage of kills by friends in the entire game.
 D = Other kills in this place as a percentage of other kills in the entire game.
 E = Experience gained in this place as a percentage of experience gained in the entire game.
 F = Experience gained in this place divided by the number of levels of this place that you have seen.
                   A       B       C       D       E      F
               +-------+-------+-------+-------+-------+----------------------
         Total | 100.0 | 100.0 |  -nan |  -nan | 100.0 |  87.8
       Dungeon | 100.0 | 100.0 |  -nan |  -nan | 100.0 |  87.8
               +-------+-------+-------+-------+-------+----------------------

Vanquished Creatures
  A hound (D:4)
  2 worker ants (D:4)
  Ijyb (D:2)
  Jessica (D:3)
  A mummy (D:4)
  4 adders
  2 worms
  3 giant geckos
  3 orcs
  A bat skeleton (D:4)
  2 giant cockroaches
  7 goblins
  5 hobgoblins
  4 jackals (D:4)
  7 kobolds
  A quokka (D:3)
  A ball python (D:3)
  6 bats
  A kobold zombie (D:4)
  An orc zombie (D:4)
  6 rats
60 creatures vanquished.

Notes
Turn   | Place    | Note
--------------------------------------------------------------
     0 | D:1      | gw, the Human Arcane Marksman, began the quest for the Orb.
     0 | D:1      | Reached XP level 1. HP: 15/15 MP: 2/2
   211 | D:1      | Reached XP level 2. HP: 21/21 MP: 1/3
   282 | D:1      | You fall through a shaft!
   731 | D:2      | Reached XP level 3. HP: 21/26 MP: 0/5
   919 | D:2      | Reached skill level 1 in Armour
  1049 | D:2      | Found a shadowy altar of Dithmenos.
  1123 | D:2      | Noticed Ijyb
  1140 | D:2      | Killed Ijyb
  1140 | D:2      | Reached XP level 4. HP: 29/33 MP: 4/6
  1174 | D:2      | Learned a level 4 spell: Enslavement
  2089 | D:3      | Noticed Jessica
  2242 | D:3      | Reached XP level 5. HP: 38/38 MP: 4/9
  2258 | D:3      | Killed Jessica
  3151 | D:4      | Found a sand-covered staircase.
  3316 | D:4      | Reached XP level 6. HP: 37/44 MP: 8/12
  3539 | D:4      | HP: 2/46 [orc wizard/dagger (1)]
  3541 | D:4      | Slain by an orc wizard

Action                   |  1- 3 |  4- 6 || total
-------------------------+-------+-------++-------
Melee: Short sword       |    14 |    95 ||   109
 Fire: Hand crossbow     |    41 |    39 ||    80
 Cast: Corona            |    28 |    63 ||    91
  Use: Scroll            |       |     7 ||     7
       Potion            |       |     2 ||     2
  Eat: Chunk             |     1 |     9 ||    10

Vault maps used:
D:1:      dpeg_arrival_castle, evilmike_ruin_ashenzari
D:2:      nicolae_dithmenos_shadow_blocks, first_bread, uniq_iyjb
D:3:      uniq_jessica
D:4:      kennysheep_goblin_castle, nicolae_ossuary_entry_giza, uniq_grinder
